 Dungeon Crawl Stone Soup version 0.26-a0-1205-g4083c211ab (webtiles) character file.

Game seed: 247411988952251830

488 sahdkjhfkaj the Skirmisher (level 6, -2/51 HPs)
             Began as a Mummy Artificer on Dec 29, 2020.
             Was a Follower of Ru.
             Slain by a sky beast (5 damage)
             ... on level 5 of the Dungeon.
             The game lasted 00:10:22 (4953 turns).

sahdkjhfkaj the Skirmisher (Mummy Artificer)        Turns: 4953, Time: 00:10:24

Health: -2/51      AC: 12    Str: 17    XL:     6   Next: 90%
Magic:  6/6        EV:  0    Int: 11    God:    Ru [*.....]
Gold:   255        SH:  0    Dex: 12    Spells: 5/5 levels left

rFire    x . .     SeeInvis .   a - +0 short sword
rCold    + + .     Faith    .   (no shield)
rNeg     + + +     Spirit   .   b - +1 plate armour
rPois    ∞         Reflect  .   (no helmet)
rElec    .         Harm     .   (no cloak)
rCorr    .         Rampage  .   (no gloves)
Will     .....                  (no boots)
Stlth    ..........             i - amulet of magic regeneration
HPRegen  0.17/turn              k - ring of protection from cold
MPRegen  0.35/turn              (no ring)

@: no status effects
A: no potions, fire vulnerability, cold resistance 1, negative energy resistance
3, torment resistance, unbreathing, reduced EV 1
a: Renounce Religion


You were on level 5 of the Dungeon.
You worshipped Ru.
Ru was aware of your devotion.
You visited 1 branch of the dungeon, and saw 5 of its levels.

You collected 255 gold pieces.

Inventory:

Hand Weapons
 a - a +0 short sword (weapon)
Missiles
 g - 6 javelins
 n - 5 curare-tipped darts
Armour
 b - a +1 plate armour (worn)
Jewellery
 i - an amulet of magic regeneration (around neck)
 k - a ring of protection from cold (left hand)
Wands
 c - a wand of flame (9) (quivered)
 d - a wand of enslavement (11)
 e - a wand of random effects (3)
 F - a wand of digging (5)
Scrolls
 h - a scroll of enchant armour
 j - 2 scrolls of remove curse
 l - a scroll of fear
 m - a scroll of magic mapping
 o - 2 scrolls of amnesia
 p - a scroll of blinking
 r - a scroll of fog


   Skills:
 - Level 5.0 Fighting
 - Level 2.2 Armour
 - Level 1.0 Dodging
 - Level 1.0 Stealth
 + Level 4.6 Evocations


You had 5 spell levels left.
You didn't know any spells.
Your spell library was empty.

Dungeon Overview and Level Annotations

Branches:
Dungeon (5/15)
 Temple: D:4-7

Altars:
Elyvilon
Fedhas
Gozag
Nemelex Xobeh
Qazlal
Ru
Sif Muna
Zin

Shops:
D:5 ?


Innate Abilities, Weirdness & Mutations

You do not drink.
Your flesh is vulnerable to fire.
You are immune to poison.
Your flesh is cold resistant. (rC+)
You are immune to negative energy. (rN+++)
You are immune to unholy pain and torment.
You can survive without breathing.
You have somewhat slow reflexes. (EV -5)


Message History

* * * LOW HITPOINT WARNING * * *
You closely miss something. Something hits you but does no damage.
You hit something. Something hits you but does no damage. Something hits you.
* * * LOW HITPOINT WARNING * * *
Something shocks you.
* * * LOW HITPOINT WARNING * * *
You closely miss something. Something hits you but does no damage.
Your plate armour prevents you from hitting something.
Something hits you but does no damage.
Unknown command.
You miss something.
A sky beast appears from thin air!
Reactivating autopickup.
The sky beast hits you.
* * * LOW HITPOINT WARNING * * *
The sky beast shocks you.
You die...

#..###.##### #......#
#......######
####.###
##.####.....# #. #.#
#.....### #.#
#.....#..
##.####.....#.# #
..†[..#.....#.#####.#
......)##s###.##....#
.#.##..##.# #.##@##.#
.#.[......# #.##Y##.#
.#..#..######.......#
.......##........####
...###.##.########
...# #.)..#
.#.###.####
.##....)..#
.#####.##.#


You could see a sky beast.

Vanquished Creatures
  An ogre (D:4)
  2 hounds
  A bullfrog skeleton (D:4)
  A centaur skeleton (D:4)
  An orc wizard (D:5)
  Jessica (D:3)
  Natasha (thrice) (D:3)
  Terence (D:3)
  A howler monkey skeleton (D:5)
  3 adders
  An adder zombie (D:5)
  A worm (D:3)
  A dart slug (D:3)
  4 leopard geckos
  7 orcs
  8 giant cockroaches
  5 goblins
  6 hobgoblins
  8 jackals (D:3)
  4 quokkas
  9 bats
  3 frilled lizards
  A jackal skeleton (D:4)
  8 kobolds
  7 rats
88 creatures vanquished.

Notes
Turn   | Place    | Note
-------+----------+-------------------------------------------
     0 | D:1      | sahdkjhfkaj the Mummy Artificer began the quest for the
                  | Orb.
     0 | D:1      | Reached XP level 1. HP: 15/15 MP: 1/1
   244 | D:1      | Reached skill level 1 in Stealth
   276 | D:1      | Reached skill level 1 in Dodging
   568 | D:1      | Reached XP level 2. HP: 20/21 MP: 2/2
  1715 | D:2      | Reached XP level 3. HP: 26/26 MP: 3/3
  1787 | D:3      | Found a glowing silver altar of Zin.
  1907 | D:3      | Found a sparkling altar of Nemelex Xobeh.
  2084 | D:1      | Reached skill level 2 in Fighting
  2129 | D:3      | Found a white marble altar of Elyvilon.
  2129 | D:3      | Found a sacrificial altar of Ru.
  2130 | D:3      | Found a blossoming altar of Fedhas.
  2188 | D:3      | Became a worshipper of Ru the Awakened
  2334 | D:3      | Found an opulent altar of Gozag.
  2334 | D:3      | Noticed Natasha
  2364 | D:3      | Killed Natasha
  2365 | D:3      | Reached skill level 3 in Fighting
  2365 | D:3      | Reached XP level 4. HP: 9/35 MP: 4/4
  2619 | D:3      | Found a shimmering blue altar of Sif Muna.
  2826 | D:3      | Noticed Natasha
  2835 | D:3      | Killed Natasha
  2929 | D:3      | Noticed Jessica
  2937 | D:3      | Killed Jessica
  2938 | D:3      | Reached XP level 5. HP: 40/42 MP: 5/5
  2960 | D:3      | Reached skill level 4 in Fighting
  3026 | D:3      | Found a sparkling altar of Nemelex Xobeh.
  3027 | D:3      | Noticed Terence
  3044 | D:3      | Killed Terence
  3183 | D:3      | Noticed Natasha
  3195 | D:3      | Killed Natasha
  3361 | D:4      | Noticed an ogre
  3404 | D:4      | Killed an ogre
  3405 | D:4      | Reached skill level 5 in Fighting
  3405 | D:4      | Reached XP level 6. HP: 40/51 MP: 6/6
  3779 | D:4      | Found a glowing drain.
  3898 | D:4      | Gained mutation: You have somewhat slow reflexes. (EV -5)
                  | [Ru sacrifice]
  3898 | D:4      | Reached * piety under Ru
  4060 | D:5      | Entered Level 5 of the Dungeon
  4167 | D:5      | Found a stormy altar of Qazlal.
  4528 | D:5      | Found Pism's Magic Scroll Boutique.
  4908 | D:5      | Noticed a sky beast
  4953 | D:5      | Slain by a sky beast

Illustrated notes

Levels and vault maps discovered:
D:1:      psy_arrival_dodecagon, layout_basic, serial_bayou_pond_d
D:2:      layout_basic
D:3:      layout_loops_ring, pdpol_temple_overflow_zin_treasury_gozag_greed,
          lemuel_round_altar, gammafunk_temple_overflow_forgotten,
          nicolae_overflow_hidden_temple, st_stairs_13,
          kennysheep_cluttered_room, minmay_misc_feat_enclosed,
          nemelex_xobeh_ov_fountains_minmay, uniq_natasha, uniq_terence,
          uniq_jessica
D:4:      layout_rooms, portal_sewer_entry_a
D:5:      layout_loops_cross, basic_altar, serial_shops, shop,
          amcnicky_mini_pool_small, uniq_grinder, uniq_prince_ribbit1

Skill      XL: |  1  2  3  4  5  6 |
---------------+-------------------+-----
Stealth        | 1 |  1.0
Dodging        | 1 |  1.0
Armour         | 2 |  2.2
Evocations     | 3 4 |  4.6
Fighting       | 3 5 |  5.0

Action                   |  1- 3 |  4- 6 || total
-------------------------+-------+-------++-------
Melee: Spear             |    37 |       ||    37
       Short sword       |   181 |   347 ||   528
Invok: Sacrifice Health  |       |     1 ||     1
Evoke: Wand              |    10 |    12 ||    22
  Use: Scroll            |     1 |    10 ||    11
 Stab: Paralysed         |       |     6 ||     6
Armor: Leather armour    |    19 |       ||    19
       Plate armour      |   117 |   314 ||   431
Dodge: Dodged            |    85 |    46 ||   131

Table legend: (Time is in decaauts)
 A = Elapsed time spent in this place.
 B = Non-inter-level travel time spent in this place.
 C = Inter-level travel time spent in this place.
 D = Time resting spent in this place.
 E = Time spent auto-exploring this place.
 F = Levels seen in this place.
 G = Mean time per level.
                   A        B        C        D        E       F      G
               +--------+--------+--------+--------+--------+-----+--------+
         Total |   5012 |   4869 |    143 |    436 |   3421 |   5 | 1002.4 |
       Dungeon |   5012 |   4869 |    143 |    436 |   3421 |   5 | 1002.4 |
               +--------+--------+--------+--------+--------+-----+--------+

Top non-repeatable levels by time:
     D:3: 1505 daAuts
     D:1: 933 daAuts
     D:5: 908 daAuts
     D:2: 901 daAuts
     D:4: 763 daAuts
